 Dungeon Crawl Stone Soup version 0.28-a0-1447-ga5a8893891 (webtiles) character file.

Game seed: 708983500800219227

113 oldriver the Skirmisher (level 5, -1/46 HPs)
             Began as a Formicid Chaos Knight on Jan 11, 2022.
             Was a Plaything of Xom.
             Slain by an iron imp (10 damage)
             ... summoned by Xom
             ... on level 3 of the Dungeon.
             The game lasted 00:01:44 (2434 turns).

oldriver the Skirmisher (Formicid Chaos Knight)     Turns: 2434, Time: 00:01:45

Health: -1/46      AC:  5    Str: 18    XL:     5   Next: 17%
Magic:  5/5        EV: 11    Int: 10    God:    Xom [*.....]
Gold:   111        SH:  0    Dex:  8    Spells: 4/4 levels left

rFire   + . .      SeeInvis +   a - +0 hand axe (chaos)
rCold   + . .      Faith    .   (no shield)
rNeg    . . .      Spirit   .   b - +2 leather armour
rPois   .          Reflect  .   (helmet unavailable)
rElec   .          Harm     .   (no cloak)
rCorr   .          Rampage  .   (no gloves)
Will    .....                   (no boots)
Stlth   ++........              (no amulet)
HPRegen 0.15/turn               k - ring of protection from cold
MPRegen 0.09/turn               (no ring)

@: no status effects
A: permanent stasis, dig shafts and tunnels, antennae 3, four strong arms,
camouflage 1, clumsy 1, dopey 1, fire resistance 1, subdued magic 1
a: Dig, Shaft Self, Renounce Religion


You were on level 3 of the Dungeon.
You worshipped Xom.
You were a special plaything of Xom.
You visited 1 branch of the dungeon, and saw 3 of its levels.

You collected 111 gold pieces.

Inventory:

Hand Weapons
 a - a +0 hand axe of chaos (weapon)
 l - the +5 quarterstaff of Emnehusk {venom, Int+2}
   (You found it on level 2 of the Dungeon)

   It poisons the flesh of those it strikes.
   Int:       It affects your intelligence (+2).
Armour
 b - a +2 leather armour (worn)
Jewellery
 k - a ring of protection from cold (left hand)
Wands
 m - a wand of iceblast (8)
Scrolls
 c - a scroll of vulnerability {unknown}
 d - 2 scrolls of fear {unknown}
 h - 4 scrolls of identify {unknown}
 i - a scroll of amnesia {unknown}
 j - a scroll of summoning {unknown}
Potions
 e - 2 potions of mutation {unknown}
 f - a potion of brilliance {unknown}
 g - a potion of attraction {unknown}
 n - a potion of flight {unknown}
 o - a potion of curing {unknown}


   Skills:
 + Level 6.0 Fighting
 - Level 3.0 Axes
 - Level 2.1 Armour
 - Level 0.8 Dodging


You had 4 spell levels left.
You didn't know any spells.
Your spell library contained the following spells:

 Spells                   Type           Power      Damage    Failure   Level
 Corpse Rot               Necr/Air       0%         N/A       52%         2
 Conjure Flame            Conj/Fire      0%         6-21      77%         3
 Ignite Poison            Fire/Tmut/Pois 0%         N/A       77%         3
 Dispel Undead            Necr           0%         3d6       99%         4
 Sticky Flame             Conj/Fire      0%         2d3       99%         4
 Death Channel            Necr           0%         N/A       100%        6


Dungeon Overview and Level Annotations

Branches:
Dungeon (3/15)

Altars:

Shops:
D:1 ?


Innate Abilities, Weirdness & Mutations

You cannot be hasted, slowed, berserked, paralysed or teleported.
You can dig through walls and to a lower floor.
You have a pair of large antennae on your head. (SInv)
Your four strong arms can wield two-handed weapons with a shield.
Your skin changes colour to match your surroundings (Stealth+).
You are clumsy. (Dex -2)
You are dopey. (Int -2)
Your flesh is heat resistant. (rF+)
Your spells are a little easier to cast, but a little less powerful.


Message History

The wyvern skeleton closely misses you.
You slash the wyvern skeleton!
The wyvern skeleton convulses!
The wyvern skeleton is almost destroyed.
The wyvern skeleton barely misses you.
The wyvern skeleton bites you but does no damage.
You hit the wyvern skeleton.
You destroy the wyvern skeleton!
Your Fighting skill increases to level 6!
You have reached level 5!
You start resting. "Fight to survive, mortal."
There are monsters nearby!
You barely miss the crimson imp. You hit the iron imp but do no damage.
The crimson imp closely misses you. The iron imp closely misses you.
You hit the crimson imp.
The crimson imp is moderately wounded.
You barely miss the iron imp. The crimson imp hits you.
You slash the crimson imp!
The crimson imp is severely wounded.
You hit the iron imp but do no damage.
The iron imp hits you but does no damage.
The crimson imp closely misses you.
You hit the crimson imp.
The crimson imp is almost dead.
You barely miss the iron imp. The iron imp barely misses you.
The crimson imp hits you.
You hit the crimson imp. You freeze the crimson imp.
You kill the crimson imp!
The crimson imp disappears in a puff of smoke!
You hit the iron imp.
The iron imp convulses.
The iron imp hits you!
* * * LOW HITPOINT WARNING * * *
You barely miss the iron imp.
The iron imp is moderately wounded.
The iron imp hits you.
* * * LOW HITPOINT WARNING * * *
You barely miss the iron imp.
The iron imp is moderately wounded.
The iron imp hits you!
You die... "Boring in life, boring in death..."

..†..### #..#.# ...
.....# #..#.# #.# ##.###
#..#.# #.# #.# #..#.# #.#
#.# ######..#.# #.# #.#
#.........# #.# #.#
#.#####..########.#######
#.# #.#
#.......†.)...†.... #.#
#.# ##@########....)...
#.# #.# #5# #.##.#.##
#.######.#### #5#
#.##.#.# #.##...#...)#
#.# #.##....
#.##...#.##.###.###
..##.#.#.
#..................
...g.#...
#..#######'#######.
...##.#.#. ##.# #.# #.#
#####.#####


You could see 2 iron imps.

Vanquished Creatures
  A wyvern skeleton (D:3)
  A howler monkey zombie (D:3)
  An adder (D:2)
  A worm (D:3)
  A dart slug (D:2)
  An orc (D:3)
  7 ball pythons
  2 endoplasms
  2 giant cockroaches
  5 goblins
  3 hobgoblins
  2 jackals (D:1)
  2 quokkas (D:2)
  3 bats
  3 frilled lizards
  2 kobolds (D:3)
  2 rats
39 creatures vanquished.

Vanquished Creatures (others)
  7 fungi (D:1)
7 creatures vanquished.

Grand Total: 46 creatures vanquished

Notes
Turn   | Place    | Note
-------+----------+-------------------------------------------
     0 | D:1      | oldriver the Formicid Chaos Knight began the quest for the
                  | Orb.
     0 | D:1      | Reached XP level 1. HP: 18/18 MP: 1/1
   329 | D:1      | Reached XP level 2. HP: 25/25 MP: 2/2
   445 | D:1      | Reached skill level 4 in Fighting
   473 | D:1      | Found Wumec's Magic Scroll Emporium.
   744 | D:2      | Identified the +5 quarterstaff of Emnehusk {venom, Int+2}
   757 | D:2      | Reached XP level 3. HP: 30/31 MP: 3/3
  1156 | D:2      | XOM: draining
  1158 | D:2      | XOM: polymorph bat -> quokka
  1277 | D:2      | XOM: give mutations
  1277 | D:2      | Gained mutation: You are dopey. (Int -2) [Xom's mischief]
  1277 | D:2      | Gained mutation: Your spells are a little easier to cast,
                  | but a little less powerful. [Xom's mischief]
  1277 | D:2      | Gained mutation: Your flesh is heat resistant. (rF+) [Xom's
                  | mischief]
  1277 | D:2      | Gained mutation: You are weak. (Str -2) [Xom's mischief]
  1990 | D:3      | Reached skill level 5 in Fighting
  2007 | D:3      | XOM: give mutations
  2007 | D:3      | Gained mutation: Your skin changes colour to match your
                  | surroundings (Stealth+). [Xom's mischief]
  2007 | D:3      | Lost mutation: You are weak. (Str -2) [Xom's mischief]
  2007 | D:3      | Gained mutation: You are clumsy. (Dex -2) [Xom's mischief]
  2040 | D:3      | XOM: confusion
  2044 | D:3      | XOM: noise
  2054 | D:3      | XOM: god gift: 27 gold pieces
  2057 | D:3      | Reached XP level 4. HP: 17/39 MP: 4/4
  2231 | D:3      | XOM: summons 3 hostile shadow creatures
  2325 | D:3      | Reached skill level 6 in Fighting
  2325 | D:3      | Reached XP level 5. HP: 8/46 MP: 5/5
  2426 | D:3      | XOM: summons 3 hostile demons
  2434 | D:3      | Slain by an iron imp

Illustrated notes

Levels and vault maps discovered:
D:1:      scummos_arrival_checkerplants, layout_basic, serial_shops,
          nicolae_shop_statue_plus
D:2:      layout_basic, serial_park_tiny_2, chequers_serial_rivers_micro_e,
          chequers_serial_rivers_micro_d, minmay_misc_feat_rows, st_stairs_8
D:3:      layout_loops_ring, minmay_door_square, minmay_diced_spiral, uniq_ijyb

Skill      XL: |  1  2  3  4 |
---------------+-------------+-----
Fighting       | 4 5 6 |  6.0
Axes           | |  3.0
Armour         | |  2.1
Dodging        | |  0.8

Action                   |  1- 3 |  4- 6 || total
-------------------------+-------+-------++-------
Melee: Hand axe          |    81 |    44 ||   125
       Punch             |     2 |       ||     2
 Stab: Petrified         |     2 |       ||     2
Armor: Leather armour    |    28 |    13 ||    41
Dodge: Dodged            |    40 |    22 ||    62

Table legend: (Time is in decaauts)
 A = Elapsed time spent in this place.
 B = Non-inter-level travel time spent in this place.
 C = Inter-level travel time spent in this place.
 D = Time resting spent in this place.
 E = Time spent auto-exploring this place.
 F = Levels seen in this place.
 G = Mean time per level.
                   A        B        C        D        E       F      G
               +--------+--------+--------+--------+--------+-----+--------+
         Total |   2451 |   2451 |      0 |    215 |   1892 |   3 |  817.0 |
       Dungeon |   2451 |   2451 |      0 |    215 |   1892 |   3 |  817.0 |
               +--------+--------+--------+--------+--------+-----+--------+

Top non-repeatable levels by time:
     D:2: 1115 daAuts
     D:1: 712 daAuts
     D:3: 624 daAuts
